Map: King's Cove LE

Players

JJtony

  • Race: Terran Terran
  • League: Silver
  • Spawn Location: 11:00

TiPtOP - Winner!

  • Race: Terran Terran
  • League: Silver
  • Spawn Location: 5:00

VOD

Have the link to the VOD?

Description

Time

  • Played on: Aug. 13, 2019, 8:31 a.m.
  • Length: 25:52
Show
View Real Time Build Order
Export as new Build Order

JJtony Terran 

Build Orders:  

Get SALT Encoding   

  12  0:03  SCV  
  13  0:15  SCV  
  14  0:27  Supply Depot  
  14  0:28  SCV  
  15  0:48  SCV  
  16  0:53  Barracks  
  16  1:00  SCV  
  16  1:02  Refinery  
  17  1:04  Refinery  
  17  1:13  SCV, Supply Depot  
  18  1:25  SCV  
  19  1:40  Orbital Command  
  19  1:49  Barracks Reactor  
  19  1:58  Bunker  
  19  2:04  Bunker  
  19  2:21  Supply Depot  
  19  2:27  SCV  
  20  2:30  Marine x2  
  20  2:36  Bunker  
  22  2:43  SCV  
  23  2:52  Factory  
  23  2:55  Marine  
  23  2:56  Marine  
  25  3:00  SCV  
  26  3:13  SCV  
  27  3:25  SCV  
  27  3:39  Command Center  
  27  3:42  Factory Tech Lab  
  27  3:45  Marine x2  
  29  3:54  SCV  
  30  3:56  Engineering Bay  
  30  4:05  Siege Tank  
  33  4:11  SCV  
  34  4:22  Supply Depot  
  34  4:23  SCV  
  35  4:25  Bunker  
  35  4:31  Marine x2  
  36  4:37  SCV  
  38  4:45  Missile Turret  
  38  4:52  Planetary Fortress  
  38  4:59  Missile Turret  
  38  5:05  SCV  
  39  5:07  Missile Turret  
  39  5:17  SCV  
  39  5:20  Missile Turret  
  40  5:24  Starport  
  40  5:27  Missile Turret  
  40  5:36  SCV, Supply Depot  
  41  5:45  Missile Turret  
  41  5:48  SCV  
  42  5:51  Siege Tank  
  45  6:00  SCV  
  46  6:05  Marine x2  
  46  6:08  Missile Turret  
  48  6:12  SCV  
  48  6:15  Starport Tech Lab  
  49  6:22  Missile Turret  
  49  6:24  SCV  
  50  6:31  Missile Turret  
  50  6:36  SCV  
  51  6:41  Missile Turret  
  51  6:43  Starport  
  51  6:48  SCV  
  51  6:53  Missile Turret  
  52  7:01  SCV  
  53  7:02  Missile Turret  
  53  7:13  SCV  
  54  7:16  Bunker  
  54  7:25  SCV  
  54  7:27  Siege Tank  
  58  7:30  Missile Turret  
  58  7:32  Cloaking Field  
  58  7:36  Starport Tech Lab  
  58  7:37  SCV  
  58  7:40  Supply Depot  
  58  7:42  Hi-Sec Auto Tracking  
  59  7:47  Bunker  
  59  7:49  SCV  
  60  8:01  SCV  
  60  8:03  Missile Turret  
  60  8:05  Missile Turret  
  61  8:12  Siege Tank  
  64  8:25  Missile Turret x2  
  65  8:34  SCV  
  65  8:39  Neosteel Armor  
  65  8:40  Missile Turret  
  65  8:44  Refinery  
  65  8:46  SCV, Command Center  
  65  8:47  Refinery  
  66  8:49  Viking  
  66  8:50  Viking  
  70  8:58  SCV  
  70  9:02  Missile Turret  
  71  9:10  SCV  
  71  9:12  Missile Turret  
  72  9:18  Supply Depot  
  72  9:22  SCV  
  72  9:23  Starport  
  69  9:49  Bunker  
  69  9:50  Siege Tank  
  69  9:52  Infernal Pre-Igniter  
  72  9:59  Missile Turret  
  72  10:05  Banshee x2  
  78  10:08  Orbital Command  
  78  10:17  Marine  
  78  10:18  Marine  
  80  10:22  Siege Tank  
  83  10:35  Marine x2  
  83  10:40  Missile Turret, SCV  
  86  10:52  SCV  
  86  10:55  Missile Turret  
  87  11:04  SCV, Armory  
  88  11:16  SCV  
  89  11:27  Siege Tank  
  89  11:28  SCV  
  93  11:36  Missile Turret  
  93  11:41  SCV  
  94  11:53  SCV, Armory, Starport Tech Lab  
  95  11:56  Missile Turret  
  95  11:58  Starport  
  95  11:59  Siege Tank  
  98  12:05  SCV  
  99  12:09  Banshee x2  
  99  12:15  Marine x2  
  107  12:17  SCV  
  107  12:18  Drilling Claws  
  109  12:30  SCV  
  109  12:33  Marine x2  
  109  12:36  Sensor Tower, Starport  
  111  12:41  Refinery  
  111  12:44  Refinery  
  111  12:52  Banshee x2  
  117  13:00  Sensor Tower  
  117  13:09  Command Center  
  117  13:15  Missile Turret  
  117  13:19  Missile Turret, Banshee  
  120  13:30  Armory  
  120  13:33  Terran Vehicle Weapons Level 1  
  119  13:34  Terran Vehicle And Ship Armor Level 1  
  119  13:51  Starport Tech Lab  
  119  13:56  Banshee  
  119  13:57  Banshee  
  125  14:04  Starport Reactor  
  125  14:15  Marine x2  
  127  14:23  Terran Ship Weapons Level 1, Supply Depot  
  127  14:33  Marine x2  
  129  14:51  Marine x2  
  131  14:55  Missile Turret, Planetary Fortress  
  119  15:01  SCV  
  120  15:13  SCV  
  121  15:21  Starport  
  121  15:25  SCV  
  122  15:38  SCV  
  122  15:40  Missile Turret  
  123  15:46  Banshee x2  
  123  15:47  Banshee x2  
  135  15:59  Starport  
  135  16:00  Barracks  
  135  16:01  Missile Turret  
  135  16:08  Starport, Starport Tech Lab  
  135  16:19  SCV  
  136  16:28  Missile Turret  
  136  16:29  Banshee x2  
  136  16:31  SCV  
  136  16:32  Missile Turret  
  143  16:38  Starport  
  143  16:43  SCV  
  143  16:46  Starport  
  144  16:47  Refinery  
  144  16:49  Missile Turret  
  144  16:53  Command Center  
  144  16:55  SCV  
  145  17:01  Refinery  
  145  17:05  Missile Turret  
  145  17:07  SCV  
  146  17:14  Missile Turret  
  146  17:21  Starport Tech Lab  
  146  17:29  Missile Turret  
  146  17:33  Starport Tech Lab  
  146  17:38  Starport Tech Lab  
  146  17:42  Supply Depot  
  146  17:48  Starport  
  146  17:51  Terran Vehicle Weapons Level 2  
  146  17:53  Terran Vehicle And Ship Armor Level 2  
  146  17:55  Terran Ship Weapons Level 2  
  146  17:57  Barracks Tech Lab  
  146  17:58  Starport Reactor  
  146  18:10  Siege Tank  
  149  18:14  Banshee x4  
  149  18:15  Banshee  
  164  18:26  Starport  
  164  18:27  Marine x2  
  164  18:32  Missile Turret  
  166  18:42  Siege Tank  
  169  18:53  Missile Turret, Refinery  
  169  18:54  Command Center  
  169  18:55  Refinery  
  169  19:07  Missile Turret  
  169  19:08  SCV  
  170  19:19  Missile Turret  
  170  19:20  SCV  
  171  19:32  SCV  
  172  19:39  Missile Turret  
  172  19:41  Viking x4  
  172  19:42  Viking x4  
  172  19:44  SCV  
  179  19:58  Marauder  
  181  20:10  Viking  
  181  20:11  Viking x4  
  155  21:02  Missile Turret  
  155  21:04  Viking x2  
  155  21:05  Viking x5  
  155  21:06  Viking  
  155  21:08  Raven  
  173  21:17  Missile Turret  
  173  21:58  Bunker  
  170  22:27  Missile Turret  
  125  22:52  Banshee x3  
  125  22:53  Banshee x5  
  149  23:11  Marauder  
  151  23:21  Missile Turret  
  151  23:31  Command Center  
  151  23:35  SCV, Banshee x4  
  164  23:47  Missile Turret, SCV  
  165  23:59  SCV  
  166  24:06  Missile Turret  
  166  24:11  SCV  
  166  24:15  Marine x2  
  169  24:19  Siege Tank  
  169  24:23  SCV  
  173  24:33  Marine x2  
  175  24:51  Siege Tank  
  172  25:07  Viking x5  
  162  25:08  Viking  
  168  25:22  Viking  
Show
View Real Time Build Order
Export as new Build Order

TiPtOP Terran - Winner!

Build Orders:  

Get SALT Encoding   

  12  0:00  SCV  
  13  0:13  SCV  
  14  0:20  Supply Depot  
  14  0:25  SCV  
  15  0:42  SCV  
  16  0:43  Barracks  
  16  0:53  Refinery  
  16  0:54  SCV  
  17  1:08  SCV  
  18  1:21  SCV  
  19  1:36  Command Center  
  19  1:39  Barracks Reactor  
  19  1:40  SCV  
  20  1:53  SCV  
  21  1:56  Barracks  
  21  2:12  SCV  
  22  2:22  Marine  
  23  2:47  SCV, Marine, Barracks Tech Lab  
  23  2:50  Supply Depot  
  25  2:55  Factory  
  25  2:58  SCV  
  26  2:59  SCV  
  28  3:12  SCV  
  28  3:22  Orbital Command  
  28  3:26  SCV  
  29  3:28  Marine x2  
  29  3:30  Marauder  
  29  3:32  Stimpack  
  33  3:38  SCV  
  34  3:46  Marine x2  
  36  3:49  Factory Reactor  
  36  4:03  SCV  
  36  4:05  Refinery  
  36  4:06  Orbital Command  
  37  4:15  SCV  
  38  4:27  SCV  
  39  4:37  Starport  
  39  4:38  Widow Mine x2  
  43  4:39  SCV  
  43  4:40  Marauder  
  46  5:00  Supply Depot  
  46  5:01  Supply Depot  
  46  5:03  Supply Depot x2  
  46  5:21  SCV x2, Marine x2  
  46  5:22  Marauder  
  52  5:33  SCV  
  52  5:34  SCV  
  54  5:39  Marine x2  
  56  5:43  Marauder  
  56  5:46  SCV x2, Factory Tech Lab  
  60  5:57  Marine x2  
  60  5:58  SCV x2  
  64  6:04  Marauder  
  64  6:10  Barracks  
  66  6:21  Marine  
  66  6:22  Marine  
  66  6:23  Supply Depot  
  68  6:26  Marauder  
  68  6:30  Combat Shield  
  70  6:35  SCV  
  70  6:39  Marine x2  
  71  6:45  Siege Tank  
  76  6:47  Medivac x2  
  76  6:53  Marauder  
  82  6:57  Marine x2  
  82  7:00  Barracks Reactor  
  84  7:03  Supply Depot  
  84  7:08  Supply Depot  
  84  7:13  Supply Depot  
  84  7:14  Marauder, Supply Depot  
  86  7:20  Engineering Bay  
  86  7:25  Siege Tank  
  86  7:28  Supply Depot  
  89  7:49  Terran Infantry Weapons Level 1  
  89  7:54  Medivac  
  89  7:56  Marine x3  
  89  7:57  Marine  
  89  7:58  Marauder  
  97  8:03  Concussive Shells  
  97  8:10  Refinery  
  97  8:11  Refinery  
  97  8:12  Supply Depot  
  97  8:37  Supply Depot  
  89  9:26  Liberator x2  
  59  9:33  Marine  
  59  9:34  Marine x3  
  59  9:36  Marine  
  65  9:51  Marine x2  
  67  9:55  Marauder  
  67  9:56  Terran Infantry Armor Level 1  
  69  10:04  Command Center  
  69  10:07  SCV  
  69  10:08  SCV  
  69  10:12  Marine x4  
  75  10:16  Marauder  
  75  10:19  SCV  
  75  10:20  SCV  
  79  10:30  Marine x3  
  79  10:31  SCV, Command Center  
  83  10:38  Marauder  
  85  11:04  SCV x2  
  87  11:12  Command Center  
  87  11:16  SCV x2, Marine x4  
  87  11:17  Marine  
  94  11:18  Refinery  
  94  11:28  SCV  
  95  11:34  Marine  
  96  11:42  Refinery  
  96  11:45  Refinery  
  96  11:50  Missile Turret  
  96  11:51  Missile Turret  
  96  11:52  Missile Turret  
  96  11:54  Missile Turret  
  96  11:56  Missile Turret  
  96  12:05  Marine x3  
  96  12:06  Marine x2  
  101  12:08  Refinery  
  101  12:14  Missile Turret x2  
  101  12:22  Planetary Fortress  
  101  12:23  Marine x2  
  101  12:24  SCV x3  
  101  12:25  Missile Turret  
  101  12:26  Missile Turret x2  
  101  12:29  Refinery  
  106  12:36  SCV x3  
  109  12:42  Missile Turret  
  109  12:43  Viking x2  
  113  12:45  Missile Turret  
  113  12:48  SCV x3  
  116  12:53  Missile Turret  
  116  12:55  Refinery  
  116  12:56  Missile Turret, Planetary Fortress  
  116  12:58  Missile Turret  
  116  13:05  Missile Turret  
  116  13:42  Starport  
  116  14:04  Starport  
  116  14:08  Fusion Core  
  116  14:14  Starport  
  116  14:15  Viking x2  
  120  14:21  Marine x5  
  124  14:39  Marine  
  124  14:40  Marauder  
  125  15:01  Marauder, Starport  
  125  15:05  SCV  
  128  15:09  Starport Tech Lab  
  128  15:11  Weapon Refit  
  128  15:14  Armory  
  128  15:17  SCV, Starport Tech Lab  
  129  15:23  Marauder  
  129  15:24  Starport Tech Lab  
  131  15:31  Battlecruiser  
  137  15:39  Battlecruiser  
  137  15:41  Starport Tech Lab  
  143  15:47  Missile Turret  
  143  15:48  Missile Turret  
  143  15:59  Missile Turret  
  143  16:04  Missile Turret  
  143  16:07  Battlecruiser  
  143  16:10  Missile Turret  
  149  16:13  Missile Turret  
  149  16:18  Terran Vehicle And Ship Armor Level 1  
  149  16:21  Missile Turret, Armory  
  149  16:27  Missile Turret  
  149  16:29  Missile Turret  
  149  16:35  Battlecruiser  
  155  16:44  Battlecruiser  
  160  16:53  Armory  
  166  17:08  Battlecruiser  
  166  17:11  Battlecruiser  
  172  17:20  Terran Ship Weapons Level 1  
  172  17:29  Command Center  
  172  17:37  SCV  
  172  17:40  Battlecruiser  
  179  17:47  Supply Depot  
  179  17:48  Battlecruiser  
  179  17:49  SCV, Supply Depot  
  186  18:01  SCV  
  187  18:11  Supply Depot  
  187  18:12  Terran Vehicle And Ship Armor Level 2, Supply Depot  
  193  18:13  Battlecruiser  
  193  18:14  SCV  
  193  18:19  Battlecruiser  
  200  18:37  Supply Depot  
  190  20:35  Battlecruiser  
  190  21:11  Command Center  
  190  21:16  Refinery  
  190  21:43  Refinery  
  182  22:52  Fusion Core  
  182  22:57  Armory  
  182  23:01  Armory  
  182  23:10  Planetary Fortress  
  182  23:20  Refinery, Command Center  
  182  23:45  Battlecruiser x3  
  182  23:47  Refinery  
  200  23:57  Missile Turret  
  200  23:59  Missile Turret  
  200  24:21  Missile Turret  
  200  24:24  Missile Turret  
Tags
 
Add a new tag
Caveats
  • Supply blocks, unpowered buildings, or Contaminate may cause inaccurate times.
  • Supply counts are checked every 10 seconds.